 Dungeon Crawl Stone Soup version 0.31-a0-1008-g5b978dac0e (webtiles) character file.

Game seed: 3012463476768161828

79 Revguard the Slasher (level 4, -8/34 HPs)
             Began as a Demonspawn Gladiator on Nov 13, 2023.
             Mangled by an iguana (10 damage)
             ... on level 4 of the Dungeon.
             The game lasted 00:04:57 (1991 turns).

Revguard the Slasher (Demonspawn Gladiator)         Turns: 1991, Time: 00:04:57

Health: -8/34      AC:  6    Str: 15    XL:     4   Next: 16%
Magic:  13/13      EV: 11    Int:  9    God:
Gold:   133        SH:  0    Dex: 16    Spells: 3/3 levels left

rFire   . . .        a - +0 long sword
rCold   . . .        (no shield)
rNeg    . . .        p - +0 ring mail
rPois   .            c - +0 helmet
rElec   .            (no cloak)
rCorr   .            (no gloves)
SInv    .            (no boots)
Will    .....        (no amulet)
Stlth   +            r - ring of magical power
HPRegen 0.25/turn    (no ring)
MPRegen 0.26/turn

%: no passive effects
@: no status effects
A: hooves 1, magic regeneration
a: no special abilities


You were on level 4 of the Dungeon.
You visited 1 branch of the dungeon, and saw 4 of its levels.

You collected 133 gold pieces.

Inventory:

Hand Weapons
 a - a +0 long sword (weapon)
Missiles
 d - 3 throwing nets (quivered)
 e - a javelin
Armour
 b - a +0 leather armour
 c - a +0 helmet (worn)
 p - a +0 ring mail (worn)
Jewellery
 o - a ring of wizardry
 r - a ring of magical power (left hand)
Scrolls
 g - 3 scrolls of fear {unknown}
 h - 2 scrolls of amnesia {unknown}
 k - 2 scrolls of identify {unknown}
 q - a scroll of noise {unknown}
Potions
 f - a potion of resistance {unknown}
 i - a potion of invisibility {unknown}
 j - a potion of degeneration {unknown}
 l - a potion of haste {unknown}
 m - a potion of heal wounds {unknown}
 n - a potion of mutation {unknown}


   Skills:
 * Level 2.8 Fighting
 * Level 3.1 Long Blades
 - Level 1.7 Throwing
 + Level 0.8 Armour
 + Level 3.0 Dodging
 - Level 0.3 Spellcasting
 - Level 0.5 Necromancy
 + Level 1.2 Invocations
 + Level 1.0 Evocations


You had 3 spell levels left.
You didn't know any spells.
Your spell library contained the following spells:

 Spells                   Type           Power      Damage    Failure   Level
 Kiss of Death            Conj/Necr      0%         2d5       56%         1
 Frozen Ramparts          Ice            0%         1d1       94%         3
 Petrify                  Tmut/Erth      0%         N/A       100%        4
 Agony                    Necr           1%         N/A       100%        5
 Alistair's Intoxication  Tmut/Pois      0%         N/A       100%        5
 Metabolic Englaciation   Hex/Ice        0%         N/A       100%        5
 Infestation              Necr           0%         N/A       100%        8


Dungeon Overview and Level Annotations

Branches:
Dungeon (4/15)
 Temple: D:4-7

Altars:
Qazlal
Trog


Innate Abilities, Weirdness & Mutations

You have large cloven feet.
You regenerate magic rapidly.


Message History

You slash the ball python!
You kill the ball python!
You see here a ball python corpse.
r - a ring of magical power You feel your magic capacity increase.
r - a ring of magical power (left hand) HP restored.
Magic restored.
There is a bloodstained altar of Trog here.
Things that are here:
a +1 dagger of protection; a +0 animal skin An iguana comes into view.
The iguana hisses angrily.
The iguana barely misses you.
You closely miss the iguana. You kick the iguana, but do no damage.
The iguana bites you!
You hit the iguana.
The iguana is moderately wounded.
The iguana bites you! x2
You closely miss the iguana. You kick the iguana, but do no damage.
The iguana is moderately wounded.
The iguana barely misses you.
You closely miss the iguana. You kick the iguana.
The iguana is heavily wounded.
The iguana barely misses you.
You hit the iguana.
The iguana is severely wounded.
The iguana bites you.
You hit the iguana. You kick the iguana.
The iguana is almost dead.
The iguana barely misses you. The iguana bites you.
* * * LOW HITPOINT WARNING * * *
You closely miss the iguana.
The iguana is almost dead.
The iguana bites you!
* * * LOW HITPOINT WARNING * * *
You barely miss the iguana. You kick the iguana, but do no damage.
The iguana is almost dead.
The iguana bites you!
You die...

... .. .. # .# #.
##.# #.. #..# #..##
#l.# #.[.## ##@#
#...#######..#
#............##
#............#
##....#####...#
##..._.#####....#
##....†....##....#
##.####...#........#
##.## ##### #####.##


You could see an iguana.

Vanquished Creatures
  2 adders (D:2)
  2 worms
  2 dart slugs (D:2)
  8 bats
  An endoplasm (D:3)
  A giant cockroach (D:2)
  3 goblins
  7 hobgoblins
  4 jackals (D:3)
  A kobold (D:3)
  A quokka (D:1)
  5 ball pythons
  5 frilled lizards
  8 rats
50 creatures vanquished.

Notes
Turn   | Place    | Note
-------+----------+-------------------------------------------
     0 | D:1      | Revguard the Demonspawn Gladiator began the quest for the
                  | Orb.
     0 | D:1      | Reached XP level 1. HP: 16/16 MP: 1/1
   107 | D:1      | Gained mutation: You regenerate magic rapidly. [demonic
                  | ancestry]
   107 | D:1      | Reached XP level 2. HP: 22/22 MP: 2/2
   582 | D:2      | Discovered your monstrous ancestry.
   582 | D:2      | Gained mutation: You have large cloven feet. [demonic
                  | ancestry]
   582 | D:2      | Reached XP level 3. HP: 22/28 MP: 3/3
   704 | D:2      | Reached skill level 1 in Invocations
  1194 | D:3      | Identified the "Quato"
  1311 | D:3      | Found a stormy altar of Qazlal.
  1498 | D:3      | Reached skill level 1 in Evocations
  1498 | D:3      | Reached XP level 4. HP: 34/34 MP: 4/4
  1869 | D:4      | Identified the "Ojiur"
  1918 | D:4      | Found a bloodstained altar of Trog.
  1991 | D:4      | Mangled by an iguana

Illustrated notes

Levels and vault maps discovered:
D:1:      nagdon_arrival_zigzag_paths, layout_basic
D:2:      layout_basic, hangedman_abyss_or_decor_lesser_grid,
          kennysheep_minor_cross
D:3:      kennysheep_big_flooded_room, layout_basic, lemuel_crystal_altar
D:4:      layout_layer_cave, bloody_trog,
          mainiacjoe_overflow_concentric_impassable, uniq_duvessa

Skill      XL: |  1  2  3  4 |
---------------+-------------+-----
Long Blades    | 3 |  3.1
Invocations    | 1 |  1.2
Evocations     | 1 |  1.0
Dodging        | 3 |  3.0
Fighting       | |  2.8
Throwing       | |  1.7
Armour         | |  0.8
Spellcasting   | |  0.3
Necromancy     | |  0.5

Action                     |  1- 3 |  4- 6 || total
---------------------------+-------+-------++-------
  Melee: Long sword        |   115 |    24 ||   139
         Kick              |    16 |     7 ||    23
         Punch             |       |     1 ||     1
   Stab: Sleeping          |     1 |       ||     1
 Armour: Leather armour    |    73 |     5 ||    78
         Ring mail         |       |    13 ||    13
  Dodge: Dodged            |   107 |    20 ||   127

Table legend: (Time is in decaauts)
 A = Elapsed time spent in this place.
 B = Non-inter-level travel time spent in this place.
 C = Inter-level travel time spent in this place.
 D = Time resting spent in this place.
 E = Time spent auto-exploring this place.
 F = Levels seen in this place.
 G = Mean time per level.
                   A        B        C        D        E       F      G
               +--------+--------+--------+--------+--------+-----+--------+
         Total |   2024 |   1896 |    128 |      0 |   1390 |   4 |  506.0 |
       Dungeon |   2024 |   1896 |    128 |      0 |   1390 |   4 |  506.0 |
               +--------+--------+--------+--------+--------+-----+--------+

Top non-repeatable levels by time:
     D:2: 723 daAuts
     D:3: 683 daAuts
     D:1: 493 daAuts
     D:4: 124 daAuts
